[Event "African Open (w)"]
[Site "followchess.com"]
[Date "2022.09.21"]
[Round "4"]
[White "Aramude, Sandra"]
[Black "Oyenga, Justine Anassika"]
[Result "1-0"]
[ECO "A01"]
[WhiteElo "1813"]
[BlackElo "1192"]
[PlyCount "61"]
[EventDate "2022.??.??"]
[TimeControl "5400+30"]

1. b3 c5 2. Bb2 f6 3. e3 e5 4. c4 Nc6 5. Nc3 Nge7 6. Rc1 d6 7. Nf3 Ng6 8. Be2 Be7 9. Qc2 Be6 10.
a3 Bf7 11. Nd5 O-O 12. h4 h5 13. Bd3 Kh7 14. g4 Kh6 15. Ng5 Bxd5 16. cxd5 fxg5 17. hxg5+ Kh7 18. Bxg6+ Kg8 19. Bh7+ Kh8 20. Rxh5 Bxg5 21. dxc6 Qf6 22. Qf5 Qxf5 23. Bxf5+ Bh6 24. c7 Kg8 25. c8=Q Raxc8 26. Bxc8 Rxc8 27. g5 Bxg5 28. Rxg5 Kh7 29. Ke2 Kh6 30. f4 b6 31. Rh1# 1-0

[Event "African Open (w)"]
[Site "followchess.com"]
[Date "2022.09.22"]
[Round "5"]
[White "Abigail Karyah"]
[Black "OLORUNTOLA, Oluwatobiloba"]
[Result "1/2-1/2"]
[ECO "C01"]
[WhiteElo "1435"]
[BlackElo "1918"]
[PlyCount "109"]
[EventDate "2022.??.??"]
[TimeControl "5400+30"]

1. e4 e6 2. d4 d5 3. exd5 exd5 4. Nf3 Nf6 5. Be2 Bd6 6. O-O O-O 7. Bg5 h6 8. Bh4 Bf5 9. Nc3 c6 10. Qd2 Nbd7 11. Rfe1 Qc7 12. Bxf6 Nxf6 13. h3 Bf4 14. Qd1 Rae8 15. Bd3 Rxe1+ 16. Nxe1 Bxd3 17. Nxd3 Bd6 18. f3 Re8 19. Qd2 Nh5 20. Ne2 Bh2+ 21. Kf1 Ng3+ 22. Nxg3 Bxg3 23. c3 Qe7 24. Nf2 Kf8 25. Re1 Qxe1+ 26. Qxe1 Rxe1+ 27. Kxe1 Ke7 28. Ke2 Ke6 29. Nh1 Bf4 30. g3 Bc1 31. b3 Kf5 32. Nf2 Ba3 33. Nd3 Bd6 34. Kf2 h5 35. h4 f6 36. a4 a6 37. a5 g5 38.
hxg5 fxg5 39. Kg2 h4 40. gxh4 gxh4 41. Kh3 Be7 42. Kg2 Bg5 43. c4 dxc4 44. bxc4 Bd2 45. Nc5 Bxa5 46. Nxb7 Bb6 47. d5 cxd5 48. cxd5 a5 49. Nd6+ Kf6 50. Kh3 Bf2 51. Ne4+ Ke5 52. Nxf2 a4 53. Nd1 Kxd5 54. Nc3+ Kd4 55. Nxa4 1/2-1/2

[Event "African Open (w)"]
[Site "followchess.com"]
[Date "2022.09.22"]
[Round "5"]
[White "Mudodo, Refiloe Hazel"]
[Black "Mbatha, Constance"]
[Result "1/2-1/2"]
[ECO "C41"]
[WhiteElo "1683"]
[BlackElo "1613"]
[PlyCount "142"]
[EventDate "2022.??.??"]
[TimeControl "5400+30"]

1. e4 e5 2. Nf3 d6 3. d4 exd4 4. Qxd4 h6 5. Nc3 Nc6 6. Bb5 Bd7 7. Bxc6 Bxc6 8. Bf4 f6 9. O-O-O Ne7 10. Rhe1 Ng6 11. Be3 Be7 12. Qc4 Qd7 13. Nd5 a6 14. Nf4 Nxf4 15. Bxf4 O-O-O 16. Nd4 Bb5 17. Qc3 Rhe8 18. Nf5 Bf8 19. Bxd6 Qf7 20. Bxf8 Qxf8 21. f3 Kb8 22. Rxd8+ Rxd8 23. Rd1 Re8 24. Rd2 Rd8 25. Rd1 Re8 26. Qd2 h5 27. Qd5 g6 28. Nd4 Re5 29. Qb3 Bd7 30.
Kb1 Qe8 31. Qe3 g5 32. Qd3 g4 33. b3 Qg6 34. Ne2 Re7 35. Nf4 Qh7 36. Nd5 Rf7 37. Nxf6 Rxf6 38. Qxd7 Qg6 39. Qd8+ Ka7 40. Qxc7 Rc6 41. Qg3 Qg7 42. Qf2+ Kb8 43. f4 Qc3 44. Qd2 Qg7 45. Qd8+ Rc8 46. Qd6+ Ka8 47. Qe5 Qf7 48. f5 Re8 49. Qd4 Qe7 50. g3 h4 51. Rf1 hxg3 52.
hxg3 Qc7 53. Qe3 Rc8 54. Rf2 Rh8 55. f6 Qe5 56. c3 Rf8 57.
f7 Qc7 58. e5 Rxf7 59. Rxf7 Qxf7 60. e6 Qe7 61. Qe4 Qc5 62. e7 Qg1+ 63. Kb2 Qf2+ 64. Qc2 Qe3 65. Qh7 Qf2+ 66. Qc2 Qe3 67. Qf5 Qe2+ 68. Ka3 Qxe7+ 69. b4 Qe2 70. Qc8+ Ka7 71. Qc5+ Ka8 1/2-1/2

[Event "African Open (w)"]
[Site "followchess.com"]
[Date "2022.09.22"]
[Round "5"]
[White "Ampaire Shakira"]
[Black "Ayemou Mazan Emmanuela Esther"]
[Result "1-0"]
[ECO "C54"]
[WhiteElo "1657"]
[BlackElo "1523"]
[PlyCount "47"]
[EventDate "2022.??.??"]
[TimeControl "5400+30"]

1. e4 e5 2. Nf3 Nc6 3. Bc4 Bc5 4. c3 Nf6 5. d4 exd4 6. cxd4 Bb4+ 7. Nc3 Nxe4 8.
O-O Nxc3 9. bxc3 Bxc3 10. Qb3 Bxa1 11. Bxf7+ Kf8 12. Bg5 Nxd4 13. Qa3+ d6 14.
Bxd8 Kxf7 15. Bxc7 Nxf3+ 16. Qxf3+ Bf6 17. Bxd6 Rd8 18. Be5 Bd7 19. Bxf6 Bc6
20. Qh5+ Kxf6 21. Qxh7 Rd4 22. Qc2 Rad8 23. Qc3 Kf7 24. h3 1-0

[Event "African Open (w)"]
[Site "followchess.com"]
[Date "2022.09.22"]
[Round "5"]
[White "Pires, Luzia"]
[Black "Van Zyl, Charlize"]
[Result "1/2-1/2"]
[ECO "A48"]
[WhiteElo "1839"]
[BlackElo "1710"]
[PlyCount "81"]
[EventDate "2022.??.??"]
[TimeControl "5400+30"]

1. d4 Nf6 2. Nf3 g6 3. e3 Bg7 4. Bd3 d5 5. Nbd2 O-O 6. O-O c5 7. b3 cxd4 8. exd4 Nc6 9. c3 Nh5 10. Bb2 Nf4 11. Bc2 Bg4 12. h3 Bd7 13. Re1 Qc8 14. Ne5 Nxe5 15.
dxe5 Bf5 16. c4 Rd8 17. Qf3 Nxh3+ 18. gxh3 Bxc2 19. cxd5 Qf5 20. Qg2 Qd3 21. Nc4 Qxd5 22. Qxd5 Rxd5 23. Ne3 Rc5 24. Rac1 Rac8 25. Ba3 R5c6 26. Nd5 Bf8 27. Bxe7 h5 28. h4 Bf5 29. Nf6+ Kg7 30. Rxc6 Rxc6 31. Bxf8+ Kxf8 32. Rd1 Ke7 33. Rd2 Rc2 34. Rxc2 Bxc2 35. f4 Ke6 36. Kf2 Kf5 37. Kf3 a5 38. Ne8 Be4+ 39. Ke3 Bc6 40. Nd6+ Ke6 41. Kd4 1/2-1/2

[Event "African Open (w)"]
[Site "followchess.com"]
[Date "2022.09.22"]
[Round "5"]
[White "Amadasun, Rosemary"]
[Black "Likando Namakau"]
[Result "0-1"]
[ECO "B41"]
[WhiteElo "1807"]
[BlackElo "1527"]
[PlyCount "100"]
[EventDate "2022.??.??"]
[TimeControl "5400+30"]

1. e4 c5 2. Nf3 e6 3. d4 cxd4 4. Nxd4 Nf6 5. Nc3 Bb4 6. Ndb5 a6 7.
Nd6+ Kf8 8. e5 Nd5 9. Qf3 Bxd6 10. exd6 Nxc3 11. Qxc3 Nc6 12. Be2 b5 13. Bf3 Bb7 14. O-O f6 15. Be3 Kf7 16. Qd2 Rf8 17. b3 b4 18. Bxc6 Bxc6 19.
Qxb4 Kg8 20. c4 f5 21. Qd2 h6 22. b4 Qh4 23. f4 Rf6 24. Rf2 Rg6 25. Bd4 Rg4 26. Be5 Qh3 27. a4 Qb3 28. Qc3 Bxa4 29. Qxb3 Bxb3 30. c5 Bc4 31. Rc2 Bb5 32. Kf2 h5 33. g3 h4 34. Ra3 hxg3+ 35. Rxg3 Rxg3 36. Kxg3 Kf7 37. Kf3 Rh8 38. Ke3 Rh3+ 39. Kd2 Rxh2+ 40. Kc1 Rxc2+ 41. Kxc2 Kg6 42. Kd2 Kh6 43. Ke3 g5 44. fxg5+ Kxg5 45. Kf3 Bc6+ 46. Kg3 Bb7 47. Bf4+ Kf6 48. Bd2 e5 49. Kf2 f4 50. Bc3 Kf5 0-1

[Event "African Open (w)"]
[Site "followchess.com"]
[Date "2022.09.22"]
[Round "5"]
[White "Ayemou Akissi Victoire Sinchi"]
[Black "Marochkina, Nadezhda Valerevna"]
[Result "0-1"]
[ECO "B18"]
[WhiteElo "1182"]
[BlackElo "1689"]
[PlyCount "92"]
[EventDate "2022.??.??"]
[TimeControl "5400+30"]

1. e4 c6 2. d4 d5 3. Nc3 dxe4 4. Nxe4 Bf5 5. Ng3 Bg6 6. Nf3 Nf6 7. Be3 e6 8. Bd3 Bxd3 9. Qxd3 Be7 10. O-O-O b5 11. Kd2 Qa5+ 12. c3 Qxa2 13. Qc2 Nbd7 14. Ra1 Qd5 15. Ke2 Nb6 16. Rhd1 O-O 17. Kf1 a5 18. Kg1 a4 19. Ne2 Ra6 20. Nf4 Qd7 21. Ne5 Qc7 22. Ra2 Rfa8 23. Rda1 Nbd5 24. b4 Bd6 25. Nfd3 Nd7 26. Nxd7 Qxd7 27. Ne5 Qc7 28. Nf3 Re8 29. h3 Raa8 30. Ng5 g6 31. Ne4 Be7 32. Bh6 Nf6 33. Ra3 Bd8 34. Re1 Nxe4 35. Qxe4 Bf6 36. Re3 Rac8 37. Rg3 e5 38. dxe5 Rxe5 39. Qf4 Re1+ 40. Kh2 Be5 41. Qd2 Bxg3+ 42. fxg3 Rce8 43. Qd4 Qe5 44. Qb6 Qf6 45. Qc5 R1e5 46. Qd4 g5 0-1

[Event "African Open (w)"]
[Site "followchess.com"]
[Date "2022.09.22"]
[Round "5"]
[White "Oyenga, Justine Anassika"]
[Black "Oyelese, Mayomi"]
[Result "0-1"]
[ECO "B28"]
[WhiteElo "1192"]
[BlackElo "1677"]
[PlyCount "84"]
[EventDate "2022.??.??"]
[TimeControl "5400+30"]

1. e4 c5 2. Nf3 d6 3. c3 a6 4. Bc4 e6 5. d4 d5 6. Be2 dxe4 7. Ng5 cxd4 8.
Nxe4 Nc6 9. cxd4 Qxd4 10. Nbc3 Bb4 11. Qc2 f5 12. Be3 Qxe4 13. Qxe4 Bxc3+ 14. bxc3 fxe4 15. O-O b5 16. Rfd1 Nf6 17. Rd6 Bb7 18. Rxe6+ Kd7 19. Rxf6 gxf6 20. Rd1+ Ke6 21. f3 Rad8 22. Rf1 f5 23. fxe4 fxe4 24. Bg4+ Kd6 25. Bb6 Rdf8 26. Rd1+ Ke5 27. Bc7+ Kf6 28. Rd6+ Kg7 29. Re6 Re8 30. Rd6 Rhf8 31. Bb6 e3 32. Rd1 Rf4 33. Bd7 Ree4 34. g3 Rf7 35. Bxc6 Bxc6 36. Bd4+ Kg8 37. Re1 e2 38. Bc5 Rf6 39. Bd4 Rfe6 40. Bf2 h5 41. h4 Kf7 42. Kg2 Rxh4+ 0-1

[Event "African Open (w)"]
[Site "followchess.com"]
[Date "2022.09.22"]
[Round "5"]
[White "Wafa, Shahenda"]
[Black "Paulo, Jemima"]
[Result "1-0"]
[ECO "B76"]
[WhiteElo "2110"]
[BlackElo "1886"]
[PlyCount "108"]
[EventDate "2022.??.??"]
[TimeControl "5400+30"]

1. e4 c5 2. Nf3 d6 3. d4 cxd4 4. Nxd4 Nf6 5. Nc3 g6 6. Be3 Bg7 7. f3 O-O 8. Qd2 Nc6 9. g4 Bd7 10. O-O-O Rc8 11. h4 Ne5 12. h5 Qa5 13. Nb3 Qc7 14. Be2 b5 15. hxg6 fxg6 16. g5 Nh5 17. Nd5 Qd8 18. f4 Nc4 19. Bxc4 Rxc4 20. Bd4 e5 21. fxe5 Bg4 22. Rde1 dxe5 23. Bc5 Re8 24. Be7 Qd7 25. Nf6+ Bxf6 26. gxf6 Qxd2+ 27. Nxd2 Rc6 28. Reg1 Be2 29. Rh2 Nf4 30. Rg5 h5 31. Nb3 Rec8 32. c3 Bg4 33. Rd2 Kf7 34. Rxe5 h4 35. Nd4 Rc4 36. Nxb5 R4c6 37. Nd6+ Rxd6 38. Bxd6 Ne2+ 39. Kc2 Kxf6 40. Re7 g5 41. Kd3 Rd8 42. e5+ Kg6 43. Rxe2 Bxe2+ 44. Kxe2 h3 45. Kf2 h2 46. Kg2 Rh8 47. Kh1 g4 48. e6 Kf6 49. Rxa7 Kxe6 50. Bc5 Kf5 51. Rg7 Rh6 52. Bf2 Rh3 53. a4 Ke4 54. a5 Rh6 1-0

[Event "African Open (w)"]
[Site "followchess.com"]
[Date "2022.09.22"]
[Round "5"]
[White "Laubscher, Anzel"]
[Black "Caxita, Esperanca"]
[Result "0-1"]
[ECO "A05"]
[WhiteElo "1705"]
[BlackElo "1961"]
[PlyCount "42"]
[EventDate "2022.??.??"]
[TimeControl "5400+30"]

1. Nf3 Nf6 2. g3 d5 3. d3 c6 4. Nbd2 Bg4 5. Bg2 Nbd7 6. O-O e5 7. c4 e4 8. dxe4
dxe4 9. Ng5 e3 10. fxe3 Bc5 11. Nde4 Qe7 12. Bf3 Nxe4 13. Nxe4 Bh3 14. Rf2
O-O-O 15. Nxc5 Nxc5 16. Qc2 Ne4 17. Rf1 Bxf1 18. Kxf1 f5 19. a4 Qd7 20. Bxe4
fxe4 21. Qxe4 Qh3+ 0-1

[Event "African Open (w)"]
[Site "followchess.com"]
[Date "2022.09.22"]
[Round "5"]
[White "ONOJA, Iyefu Joy"]
[Black "Ofowino, Toritsemuwa"]
[Result "1/2-1/2"]
[ECO "D11"]
[WhiteElo "1762"]
[BlackElo "1857"]
[PlyCount "110"]
[EventDate "2022.??.??"]
[TimeControl "5400+30"]

1. d4 d5 2. c4 c6 3. Nf3 Nf6 4. e3 a6 5. Nc3 Bf5 6. Qb3 Ra7 7. Nh4 Bc8 8.
Qc2 b5 9. c5 e5 10. Nf3 e4 11. Ne5 Qc7 12. b4 a5 13. Nxc6 Nxc6 14.
Nxb5 Qd7 15. Nxa7 Nxb4 16. Qb3 Qxa7 17. Bd2 Nc6 18. Bb5 Bd7 19. Qa4 Qc7 20. Rb1 Be7 21. Bxc6 Bxc6 22. Bxa5 Qc8 23. Qb4 O-O 24. O-O Qa8 25. Rb2 Rc8 26. Rfb1 Nd7 27. Bb6 Qa6 28. Qa5 Qxa5 29. Bxa5 Kf8 30. Kf1 Ke8 31. Ke2 Bd8 32. Be1 Bc7 33. h3 Ra8 34. f3 exf3+ 35. gxf3 Nf6 36. Kf2 Nh5 37. Kg2 f5 38. Ra1 Ra3 39. Rb3 Ra8 40. a3 Kd7 41. Bf2 f4 42. Rc1 Re8 43. h4 fxe3 44. Rxe3 Nf4+ 45. Kh1 Rxe3 46. Bxe3 Ne6 47. Kg2 Ba5 48. Rb1 Bc3 49. Rd1 Bb2 50. f4 g6 51. Kf3 Bxa3 52. Rb1 Nc7 53.
Rb3 Nb5 54. Kg4 Ke6 55. Kg5 Kf7 1/2-1/2

[Event "African Open (w)"]
[Site "followchess.com"]
[Date "2022.09.22"]
[Round "5"]
[White "Pelomoh Jessica"]
[Black "Yavo Tchetche, Marie"]
[Result "1-0"]
[ECO "A48"]
[WhiteElo "1904"]
[BlackElo "1363"]
[PlyCount "123"]
[EventDate "2022.??.??"]
[TimeControl "5400+30"]

1. d4 Nf6 2. Bf4 g6 3. Nf3 Bg7 4. e3 O-O 5. Bd3 d6 6. Nbd2 Nbd7 7. h3 c5 8. c3 a6 9. O-O b5 10. b3 Nd5 11. Rc1 Nxf4 12. exf4 Bb7 13. f5 Rc8 14. fxg6 fxg6 15. Ng5 Rf6 16. Nde4 Bxe4 17. Nxe4 Rf8 18. dxc5 Nxc5 19. Nxc5 Rxc5 20. c4 b4 21. Qg4 Qc8 22. Qxc8 Rfxc8 23. Rfe1 Bf6 24. Be4 e6 25. Bb7 R8c7 26. Bxa6 e5 27. Rcd1 Be7 28. Re2 Ra5 29. Bb5 Rca7 30. Rdd2 Kf7 31. g3 Bf8 32. Kg2 Ke6 33. f4 Bg7 34. Kf3 Rf7 35. Bc6 Rf8 36. Ke4 Ra6 37. Bd5+ Kd7 38. Rf2 exf4 39. Rxf4 Rxf4+ 40. gxf4 Bc3 41. Rg2 Ke7 42. Bg8 h6 43. Rxg6 Rxa2 44. Rxh6 Rb2 45. h4 Rd2 46. h5 Rf2 47. Re6+ Kd7 48. Ke3 Rg2 49. Rg6 Rxg6 50. hxg6 Ke7 51. Ke4 Kf6 52. Bf7 Bd2 53. f5 Bc3 54. Be6 Be5 55. Kd5 Ke7 56. Kc6 Bc3 57. Kb5 Kf6 58. Kc6 Ke7 59. Kd5 Be5 60. c5 Bf6 61. cxd6+ Kd8 62. Kc5 1-0

[Event "African Open (w)"]
[Site "followchess.com"]
[Date "2022.09.24"]
[Round "6"]
[White "Mbatha, Constance"]
[Black "Pelomoh Jessica"]
[Result "1-0"]
[ECO "C01"]
[WhiteElo "1613"]
[BlackElo "1904"]
[PlyCount "111"]
[EventDate "2022.??.??"]
[TimeControl "5400+30"]

1. e4 e6 2. d4 d5 3. exd5 exd5 4. Nf3 Bd6 5. Be3 Nf6 6. h3 Bf5 7. c4 dxc4 8. Bxc4 O-O 9. O-O Nbd7 10. Nbd2 c6 11. Rc1 Nb6 12. Bb3 Nfd5 13. Nc4 Bc7 14. Bg5 f6 15. Bh4 Re8 16. Ne3 Be4 17. Re1 Qd7 18. Nf1 Kh8 19. Bg3 Bxg3 20. Nxg3 Bg6 21. Qd2 Rxe1+ 22. Rxe1 Re8 23. Nh4 Bf7 24. Nhf5 g6 25. Nh6 Be6 26. Ng4 Bxg4 27. Rxe8+ Qxe8 28. hxg4 Kg7 29. Qa5 a6 30. Kf1 Qd7 31. Bd1 Nc4 32. Qe1 Nxb2 33. Bf3 Nd3 34. Qb1 N3f4 35. Ne4 Ne6 36. a4 Nxd4 37. Nc5 Nxf3 38. gxf3 Qe7 39. Nxb7 Nc3 40. Qb6 Nxa4 41. Qxc6 Nc3 42. Qxa6 Qd7 43. Nd6 Kf8 44. Qa3 Kg7 45. Qc5 Na4 46. Qd4 Qe6 47. Qa7+ Kf8 48. Ne4 f5 49. Ng5 Qc4+ 50. Kg2 h6 51. Nh7+ Kg8 52. Nf6+ Kf8 53. Nd7+ Kg8 54. Qa8+ Kh7 55. Qf8 g5 56. gxf5 1-0

[Event "African Open (w)"]
[Site "followchess.com"]
[Date "2022.09.24"]
[Round "6"]
[White "Van Zyl, Charlize"]
[Black "Ampaire Shakira"]
[Result "1/2-1/2"]
[ECO "A43"]
[WhiteElo "1710"]
[BlackElo "1657"]
[PlyCount "153"]
[EventDate "2022.??.??"]
[TimeControl "5400+30"]

1. d4 c5 2. d5 Nf6 3. Nc3 d6 4. e4 e6 5. Bb5+ Bd7 6. dxe6 fxe6 7. e5 Bxb5 8.
exf6 Bc6 9. fxg7 Bxg7 10. Qh5+ Kd7 11. Nge2 Qf6 12. O-O Na6 13. Bf4 Rag8 14. Rad1 Bf8 15. f3 Qg6 16. Qxg6 Rxg6 17. Ne4 d5 18. Be5 Bg7 19. f4 Ke7 20. Bd6+ Kf7 21. Nxc5 Nxc5 22. Bxc5 Bxb2 23. Bd4 Bxd4+ 24. Nxd4 Rhg8 25. Rf2 Rc8 26.
Re1 Rf6 27. g3 Bd7 28. Rfe2 Rc4 29. Nf3 Ra4 30. c3 Ra3 31. Ne5+ Ke7 32. c4 dxc4 33. Nxc4 Rc3 34. Ne3 Bc6 35. Rc2 Rxc2 36. Nxc2 Kd6 37. Nd4 Bd5 38. Nb5+ Kc5 39. Nxa7 Bxa2 40. Rc1+ Bc4 41. Nc8 b5 42. Rd1 Rf8 43. Nd6 Bd5 44. Nxb5 Kxb5 45. Kf2 Ra8 46. Ke3 Ra2 47. Rd2 Ra4 48. Rd4 Ra1 49. Rd2 Kc5 50. Rc2+ Kd6 51. Rd2 Re1+ 52. Kf2 Rh1 53. Ke3 Rf1 54. Ke2 Rb1 55. Ke3 Ke7 56. f5 Rb3+ 57. Kd4 Rb4+ 58. Ke3 Re4+ 59. Kf2 Ra4 60. fxe6 Ra2 61. Rxa2 Bxa2 62. Kf3 Kxe6 63. Kf4 Bd5 64. Kg5 Kf7 65. Kh6 Kg8 66. g4 Be6 67. g5 Bf5 68. h4 Kf7 69. h5 Be4 70. g6+ Bxg6 71. hxg6+ hxg6 72. Kg5 Kg7 73. Kg4 Kf6 74. Kf4 Kg7 75. Kg5 Kh7 76. Kg4 Kh6 77. Kh4 1/2-1/2

[Event "African Open (w)"]
[Site "followchess.com"]
[Date "2022.09.24"]
[Round "6"]
[White "Phiri Bertha"]
[Black "Amadasun, Rosemary"]
[Result "0-1"]
[ECO "C20"]
[WhiteElo "1584"]
[BlackElo "1807"]
[PlyCount "163"]
[EventDate "2022.??.??"]
[TimeControl "5400+30"]

1. e4 e5 2. d3 Nc6 3. Nf3 Be7 4. g3 Nf6 5. Bg2 d6 6. h3 h6 7. c3 Be6 8. O-O Qd7 9. Kh2 g5 10. Ng1 d5 11. Nd2 d4 12. c4 a5 13. a3 a4 14. b4 axb3 15. Nxb3 Na5 16. Bd2 Nxb3 17. Qxb3 c5 18. Rfb1 Rb8 19. a4 O-O 20. Qb5 Ne8 21. Qxd7 Bxd7 22. f4 f6 23. Nf3 Bd6 24. f5 Bc6 25. Ne1 Nc7 26.
Bf3 Ra8 27. a5 Na6 28. Nc2 Kg7 29. h4 Bc7 30. Na3 Nb4 31. Bxb4 cxb4 32. Rxb4 Rxa5 33. Nc2 Rfa8 34. Rxa5 Bxa5 35. Rb3 Bd2 36. Ra3 Rb8 37. Ra7 gxh4 38. gxh4 Kf7 39. Bh5+ Ke7 40. Na3 Kd6 41. Bf7 Bb4 42. Nb5+ Kc5 43. Kg2 Kb6 44. Ra2 Bxb5 45. cxb5 Kxb5 46. Rb2 Kc5 47. Kf3 b5 48. Kg4 Bc3 49. Rb3 Bd2 50. h5 Rb7 51. Be6 Rg7+ 52. Kf3 b4 53. Bc4 Rg1 54. Bf7 Kb5 55. Bc4+ Kc5 56. Bf7 Rc1 57. Ke2 Bc3 58. Kf2 Kb5 59. Be8+ Ka5 60. Ke2 Re1+ 61. Kf2 Re3 62. Bf7 Rxd3 63. Bc4 Rd2+ 64. Kf3 Rh2 65. Bf7 d3 66. Ke3 d2 67. Rb1 Rh3+ 68. Ke2 Kb5 69. Rf1 Kc5 70. Bb3 Kd4 71. Bc2 Rxh5 72. Rg1 Rh2+ 73. Kf3 Kc4 74. Rb1 Kd4 75. Rg1 Bb2 76. Rg7 Rh1 77. Rd7+ Kc4 78. Rxd2 Bd4 79. Rd3 Rc1 80. Rd2 Kc3 81. Rh2 Rxc2 82. Rxh6 0-1

[Event "African Open (w)"]
[Site "followchess.com"]
[Date "2022.09.24"]
[Round "6"]
[White "Ayemou Mazan Emmanuela Esther"]
[Black "Nkhoma, Desiderata"]
[Result "1-0"]
[ECO "D80"]
[WhiteElo "1523"]
[BlackElo "1446"]
[PlyCount "99"]
[EventDate "2022.??.??"]
[TimeControl "5400+30"]

1. d4 d5 2. e3 Nf6 3. Bd3 g6 4. Nf3 Bg7 5. c4 c6 6. Nc3 O-O 7. O-O Nbd7 8. cxd5 Nxd5 9. Nxd5 cxd5 10. Bd2 e5 11. dxe5 Nxe5 12. Nxe5 Bxe5 13. Qb3 b6 14. Bc3 d4 15. Bxd4 Bxd4 16. exd4 Qxd4 17. Rad1 Qg4 18. h3 Qg5 19. Qb5 Qf4 20. Rfe1 Bb7 21. Re7 Bc8 22. Bc4 Be6 23. Bxe6 fxe6 24. Qe2 Rf6 25. Rxe6 Raf8 26. Rxf6 Qxf6 27. Qd2 Rf7 28. Qd8+ Kg7 29. Qxf6+ Kxf6 30. f3 Ke6 31. Kf2 Rd7 32. Rxd7 Kxd7 33. Ke3
Ke6 34. Ke4 a5 35. a4 Kd6 36. Kd4 Ke6 37. g3 Kd6 38. f4 h5 39. g4 Ke6 40. Kc4 Kd6 41. f5 gxf5 42. gxh5 Ke6 43. Kd4 Kf6 44. h6 f4 45. Ke4 Kg6 46. Kxf4 Kxh6 47. Ke5 Kh5 48. Kd6 Kh4 49. Kc6 Kxh3 50. Kxb6 1-0

[Event "African Open (w)"]
[Site "followchess.com"]
[Date "2022.09.24"]
[Round "6"]
[White "Marochkina, Nadezhda Valerevna"]
[Black "Abigail Karyah"]
[Result "1-0"]
[ECO "D30"]
[WhiteElo "1689"]
[BlackElo "1435"]
[PlyCount "99"]
[EventDate "2022.??.??"]
[TimeControl "5400+30"]

1. d4 d5 2. c4 e6 3. Nf3 Nf6 4. Bg5 Be7 5. e3 O-O 6. Bd3 b6 7. Qc2 h6 8. Bh4 Nbd7 9. O-O Bb7 10. a3 c5 11. Nbd2 Rc8 12. Qb3 cxd4 13.
Nxd4 Nc5 14. Qc2 Nxd3 15. Qxd3 dxc4 16. Qc2 Qd5 17. N2f3 Qc5 18. Rfd1 Bxf3 19. Nxf3 Rfd8 20. Rac1 b5 21. h3 a5 22. Rd4 Nd5 23. Bxe7 Qxe7 24. Qd2 Ra8 25. Ne5 Rdc8 26. e4 Nf6 27. a4 Qc5 28. Nd7 Nxd7 29. Rxd7 Qe5 30. axb5 Qxb5 31. Qd4 a4 32. Rd6 Qc5 33. Rd8+ Qf8 34. Rxf8+ Rxf8 35. Rxc4 a3 36. bxa3 Rxa3 37. Ra4 Rb3 38. Ra7 Rbb8 39. Kh2 Rbd8 40. Rd7 Rc8 41. f4 Rce8 42. f5 exf5 43. exf5 Rc8 44. h4 Rc6 45. Rd6 Rfc8 46. f6 h5 47. Rd8+ Rxd8 48. Qxd8+ Kh7 49. fxg7 Kxg7 50. Qg5+ 1-0

[Event "African Open (w)"]
[Site "followchess.com"]
[Date "2022.09.24"]
[Round "6"]
[White "Yavo Tchetche, Marie"]
[Black "Ayemou Akissi Victoire Sinchi"]
[Result "1/2-1/2"]
[ECO "A21"]
[WhiteElo "1363"]
[BlackElo "1182"]
[PlyCount "57"]
[EventDate "2022.??.??"]
[TimeControl "5400+30"]

1. c4 e5 2. Nc3 d6 3. g3 Nf6 4. Bg2 Be6 5. Qb3 Nbd7 6. d3 Rb8 7. e3 Be7 8.
Nge2 O-O 9. O-O h6 10. Qc2 c6 11. b3 d5 12. Bb2 Qc7 13. Rac1 b5 14. cxb5 cxb5 15. Nxd5 Nxd5 16. Qxc7 Nxc7 17. Rxc7 a6 18. Rfc1 Rfe8 19. d4 exd4 20. Bxd4 Nf6 21. Nf4 Bf5 22. Ra7 Bc8 23. Rcc7 Bd8 24. Rxf7 g5 25. Rg7+ Kf8
26. Rgf7+ Kg8 27. Rg7+ Kf8 28. Rgf7+ Kg8 29. Rg7+ 1/2-1/2

[Event "African Open (w)"]
[Site "followchess.com"]
[Date "2022.09.24"]
[Round "6"]
[White "Pires, Luzia"]
[Black "Vilhete, Vania Fausto Da T."]
[Result "1-0"]
[ECO "D05"]
[WhiteElo "1839"]
[BlackElo "1718"]
[PlyCount "167"]
[EventDate "2022.??.??"]
[TimeControl "5400+30"]

1. d4 d5 2. Nf3 Nf6 3. e3 e6 4. Bd3 Be7 5. Nbd2 a6 6. O-O O-O 7. b3 b5 8. c4 bxc4 9. bxc4 c5 10. dxc5 dxc4 11. Bxc4 Bxc5 12. Bb2 Nbd7 13. Rc1 Qe7 14. Qc2 Bb7 15. Rfd1 Rfc8 16. Qd3 Nb6 17. Bb3 Rd8 18. Qc3 Rac8 19. Qe5 Nbd7 20. Qg3 Bd6 21. Qh4 h6 22. Nc4 Bxf3 23. gxf3 Bb8 24. Kh1 Nd5 25. Qh3 Nf8 26. Rg1 Ng6 27. Rg2 Qb4 28. Rxg6 fxg6 29. Qxe6+ Kh7 30. Rg1 Ne7 31. Ba3 Qb7 32. e4 Qc7 33. Rg2 Nc6 34. Qxg6+ Kh8 35. Bb2 Nd4 36. f4 Qe7 37. Ne3 Rc6 38. Qg4 Kh7 39. Ba4 Rb6 40.
Bxd4 Rxd4 41. Bc2 Rd7 42. Nd5 Rxd5 43. exd5+ Kg8 44. Qf5 Qf6 45. Qc8+ Kf7 46. Bg6+ Ke7 47. Rg1 Qxf4 48. d6+ Bxd6 49. Qe8+ Kf6 50. Qf7+ Ke5 51. Re1+ Kd4 52. Re4+ Qxe4+ 53.
Bxe4 Kxe4 54. Qxg7 Bc5 55. Kg2 Bd4 56. f3+ Ke3 57. Qe7+ Kd3 58.
Qe4+ Kc4 59. Kg3 a5 60. Kg4 a4 61. h4 a3 62. f4 Rb2 63.
Qc6+ Kb4 64. Qd5 Kc3 65. Kh5 Rf2 66. Qb3+ Kd2 67. Qxa3 Rxf4 68. Qg3 Be3 69. Kg6 Rf1 70. Qd6+ Ke2 71. Qa6+ Kf2 72. a4 Rg1+ 73. Kf5 Rc1 74. Ke4 Re1 75. Qf6+ Ke2 76. a5 Bf2 77. a6 Kd2+ 78. Kf3 Be3 79. Qd6+ Kc2 80. Qc7+ Kd2 81. a7 Rf1+ 82. Ke4 Ra1 83. Qd6+ Ke2 84. Qd3+ 1-0

[Event "African Open (w)"]
[Site "followchess.com"]
[Date "2022.09.24"]
[Round "6"]
[White "OLORUNTOLA, Oluwatobiloba"]
[Black "Mudodo, Refiloe Hazel"]
[Result "1-0"]
[ECO "A17"]
[WhiteElo "1918"]
[BlackElo "1683"]
[PlyCount "117"]
[EventDate "2022.??.??"]
[TimeControl "5400+30"]

1. c4 Nf6 2. Nc3 e6 3. g3 d5 4. d4 Be7 5. Bg2 c6 6. c5 O-O 7. Nf3 Nbd7 8. O-O b6 9. cxb6 axb6 10. a3 h6 11. b3 Ba6 12. b4 Bc4 13.
Bb2 Qc8 14. Re1 Qb7 15. Nd2 Rfd8 16. Nxc4 dxc4 17. b5 Nd5 18. Qc2 Qc7 19. bxc6 Qxc6 20. e4 Nxc3 21. Qxc3 Qc7 22. d5 e5 23. a4 Bc5 24. Qd2 Ra6 25. Rec1 Rda8 26. Qd1 Bb4 27. Bf1 Nc5 28. Rxc4 Ba5 29. Rc2 R6a7 30. Bb5 Qd6 31. Bc6 Rd8 32. Ba3 Rc7 33. Qc1 Qg6 34. Bxc5 bxc5 35. Rxc5 Bb6 36. Rc4 Bd4 37. Ra2 Qxe4 38. d6 Rxc6 39. Rxc6 Qd5 40. Rac2 Rxd6 41. Rxd6 Qxd6 42. Rc8+ Kh7 43. Qc2+ g6 44. Rc7 Qf6 45. Kg2 Kg7 46. Rc6 Qd8 47. Qc4 Qg5 48. a5 Qf5 49. f3 Qg5 50. Qc1 Be3 51. Qf1 Bd4 52. Rc2 Qf6 53.
a6 Ba7 54. Qb5 Qd6 55. Qe2 Qd4 56. Rd2 Qc5 57. Rd7 h5 58. Kh3 Kg8 59. Qa2 1-0

[Event "African Open (w)"]
[Site "followchess.com"]
[Date "2022.09.24"]
[Round "6"]
[White "Likando Namakau"]
[Black "Laubscher, Anzel"]
[Result "1/2-1/2"]
[ECO "D45"]
[WhiteElo "1527"]
[BlackElo "1705"]
[PlyCount "69"]
[EventDate "2022.??.??"]
[TimeControl "5400+30"]

1. d4 d5 2. c4 c6 3. e3 Nf6 4. Nf3 e6 5. Nc3 Be7 6. Be2 dxc4 7. Bxc4 b5 8.
Bd3 a6 9. a3 c5 10. dxc5 Bxc5 11. O-O Nbd7 12. b4 Be7 13. Bb2 Bb7 14. Qe2 O-O 15. Rfd1 Qe8 16. Rac1 Rc8 17. Nd2 Nb6 18. Nce4 Nbd5 19. Qf3 Rxc1 20. Rxc1 Qd7 21. Qh3 h6 22. Bb1 Rc8 23. Rd1 Qc7 24. Qf3 Nb6 25. Bxf6 Bxf6 26. Nxf6+ gxf6 27. Qxf6 Qc3 28. Qxh6 Qg7 29. Qh3 Rd8 30. Bc2 Nc4 31. Nxc4 Rxd1+ 32. Bxd1 bxc4 33. f3 Qa1 34. Qg3+ Kh8 35. Qh4+ 1/2-1/2

[Event "African Open (w)"]
[Site "followchess.com"]
[Date "2022.09.24"]
[Round "6"]
[White "Ofowino, Toritsemuwa"]
[Black "Michael Bridget"]
[Result "1-0"]
[ECO "D02"]
[WhiteElo "1857"]
[BlackElo "1800"]
[PlyCount "86"]
[EventDate "2022.??.??"]
[TimeControl "5400+30"]

1. d4 d5 2. Nf3 Nf6 3. c3 Bf5 4. Qb3 Qc8 5. c4 e6 6. cxd5 exd5 7. Nc3 c6 8. Bf4 Be7 9. Rc1 O-O 10. e3 h6 11. Be2 Nbd7 12. O-O a6 13.
h3 Ra7 14. Qa4 Qd8 15. b4 b5 16. Qb3 Nb6 17. Ne5 Qa8 18. Nxc6 Nc4 19. Nxe7+ Rxe7 20. Rfd1 Rfe8 21. a4 Qb7 22. axb5 axb5 23. Ra1 Ne4 24. Ra2 Qc6 25. Nxe4 Bxe4 26. Bd3 Qg6 27. Bxe4 Qxe4 28. Qd3 Qe6 29. Rda1 Qe4 30. Qxe4 Rxe4 31. Ra7 R4e7 32. Rxe7 Rxe7 33. Ra8+ Kh7 34. Rb8 g5 35. Bg3 Ra7 36. Rxb5 Ra1+ 37. Kh2 Nd2 38. h4 gxh4 39. Bxh4 Nf1+ 40. Kh3 Nd2 41. Kg3 Rh1 42. Be7 Rf1 43. Rxd5 Nc4 1-0